 Dungeon Crawl Stone Soup version 0.18.1-48-g4cf74bf (webtiles) character file.

22 boogeech the Vexing (level 2, -5/19 HPs)
             Began as a Demonspawn Enchanter on June 28, 2016.
             Slain by Sigmund
             ... wielding a +2 scythe of venom
              (8 damage)
             ... on level 2 of the Dungeon.
             The game lasted 00:01:59 (836 turns).

boogeech the Vexing (Demonspawn Enchanter)           Turns: 836, Time: 00:02:00

Health: -5/19      AC:  4    Str:  8    XL:     2   Next: 68%
Magic:  1/5        EV:  7    Int: 16    God:
Gold:   22         SH:  0    Dex: 13    Spells: 2 memorised, 2 levels left

rFire  . . .     SeeInvis .     a - +1 dagger
rCold  . . .     Gourm    .     b - +1 robe
rNeg   . . .     Faith    .     (no shield)
rPois  .         Spirit   .     (no helmet)
rElec  .         Dismiss  .     (no cloak)
rCorr  .         Reflect  .     k - +0 pair of gloves
SustAt .         Harm     .     (no boots)
MR     .....                    (no amulet)
Stlth  ++........               (no ring)
                                (no ring)

@: lethally poisoned (-5 -> -24), not resistant to hostile enchantments,
unstealthy
A: rot immunity
a: no special abilities


You were on level 2 of the Dungeon.
You were not hungry.

You visited 1 branch of the dungeon, and saw 2 of its levels.

You collected 22 gold pieces.

Inventory:

Hand Weapons
 a - a +1 dagger (weapon)
Armour
 b - a +1 robe (worn)
 k - a +0 pair of gloves (worn)
Scrolls
 e - 2 scrolls of identify {unknown}
 g - 2 scrolls of remove curse {unknown}
 j - a scroll of teleportation {unknown}
Potions
 f - a potion of agility {unknown}
Books
 c - a book of Maledictions

   Spells                             Type                      Level
   a - Corona                         Hexes                        1
   b - Ensorcelled Hibernation        Hexes/Ice                    2
   c - Confuse                        Hexes                        3
   d - Tukima's Dance                 Hexes                        3
   e - Dazzling Spray                 Conjuration/Hexes            3
Comestibles
 d - 2 bread rations
 h - a slice of pizza
 i - a meat ration


   Skills:
 + Level 0.2 Fighting
 * Level 1.2 Short Blades
 + Level 0.0 Armour
 * Level 2.0 Dodging
 * Level 3.0 Stealth
 * Level 2.2 Spellcasting
 * Level 3.1 Hexes


You had 2 spell levels left.
You knew the following spells:

 Your Spells              Type           Power        Failure   Level  Hunger
a - Corona                Hex            ##.....      8%          1    #......
b - Ensorcelled Hibernat  Hex/Ice        #.....       17%         2    ###....


Dungeon Overview and Level Annotations

Branches:
Dungeon (2/15)

Altars:

Annotations:
D:2 Sigmund


Innate Abilities, Weirdness & Mutations

You are immune to rotting.


Message History

Aim: Sigmund, wielding a scythe of venom and wearing a runed robe (chance to defeat MR: 47%) Sigmund resists with some effort.
Casting: Ensorcelled Hibernation
Confirm with . or Enter, or press ? or * to list all spells.
Aiming: Ensorcelled Hibernation
Press: ? - help, Shift-Dir - straight line, f/p - Sigmund
Aim: Sigmund, wielding a scythe of venom and wearing a runed robe (chance to defeat MR: 47%) Sigmund looks drowsy...
Sigmund shouts!
Sigmund laughs darkly.
Sigmund hits you with a scythe of venom!
Ouch! That really hurt!
You are lethally poisoned!
You closely miss Sigmund.
You feel sick.
* * * LOW HITPOINT WARNING * * *
You feel sick. Sigmund closely misses you.
There is a stone staircase leading up here.
* * * LOW HITPOINT WARNING * * *
You feel sick.
Sigmund hits you from afar with a scythe of venom!
You die...

####### #.....#
#.....# #.....#
#...@.# #.....#
#...@.# #.....#
###..##
..#####.######
.............#
.#.#####.##.##
..@...)........


You could see Sigmund.

Vanquished Creatures
  3 dart slugs (D:1)
  A giant gecko (D:1)
  A bat (D:1)
  2 giant cockroaches (D:1)
  2 goblins (D:1)
  2 hobgoblins
  A giant newt (D:1)
  2 rats
14 creatures vanquished.

Notes
Turn   | Place    | Note
--------------------------------------------------------------
     0 | D:1      | boogeech the Demonspawn Enchanter began the quest for the Orb.
     0 | D:1      | Reached XP level 1. HP: 13/13 MP: 3/3
    16 | D:1      | Reached skill level 1 in Short Blades
   259 | D:1      | Gained mutation: You are immune to rotting. [demonic ancestry]
   259 | D:1      | Reached XP level 2. HP: 19/19 MP: 5/5
   695 | D:2      | Noticed Sigmund
   709 | D:1      | Learned a level 2 spell: Ensorcelled Hibernation
   836 | D:2      | Slain by Sigmund

Skill      XL: |  1  2 |
---------------+-------+-----
Short Blades   | 1 |  1.2
Dodging        | 2 |  2.0
Stealth        | 3 |  3.0
Fighting       | |  0.2
Spellcasting   | |  2.2
Hexes          | |  3.1

Action                   || total
-------------------------++-------
Melee: Dagger            ||    40
 Cast: Corona            ||     2
       Ensorcelled Hiber ||     2
 Stab: Sleeping          ||     6
Armor: Robe              ||     4
Dodge: Dodged            ||    19
